 Dungeon Crawl Stone Soup version 0.14-a0-2679-gcb94c3d (webtiles) character file.

187 Psiweapon the Sneak (level 4, -5/30 HPs)
             Began as a Vampire Enchanter on Feb 18, 2014.
             Was an Initiate of Dithmenos.
             Killed by divine providence
             ... invoked by an orc priest
              (14 damage)
             ... on Level 4 of the Dungeon.
             The game lasted 00:17:54 (3269 turns).

Psiweapon the Sneak (Vampire Enchanter)             Turns: 3269, Time: 00:17:54

HP  -5/30        AC  6     Str  8      XL: 4   Next: 14%
MP   5/7         EV 12     Int 17      God: Dithmenos [......]
Gold 110         SH  8     Dex 14      Spells:  2 memorised,  4 levels left

rFire  . . .     SeeInvis +     v - +1 dwarf dagger
rCold  . . .     Clarity  .     b - +1 robe
rNeg   + . .     Conserve .     q - +0 buckler
rPois  .         rCorr    .     (no helmet)
rElec  .         rRot     .     z - +0 orc cloak
SustAb . .       Spirit   .     (no gloves)
rMut   .         Warding  .     x - +1 pair of dwarf boots
Saprov . . .     Stasis   .     (no amulet)
MR     +....                    (no ring)
                                E - ring of protection from magic {unknown}

@: somewhat resistant to hostile enchantments, quite stealthy
A: fangs 3, see invisible, unbreathing
a: Bat Form, Renounce Religion


You were on level 4 of the Dungeon.
You worshipped Dithmenos.
Dithmenos was noncommittal.
You were not thirsty.

You visited 2 branches of the dungeon, and saw 5 of its levels.

You collected 110 gold pieces.

Inventory:

Hand weapons
 a - a +1,+1 dagger
 e - a +0,+0 morningstar
 v - a +1,+1 dwarven dagger (weapon)
 w - a +1,+1 spear of venom
Missiles
 d - 23 darts (quivered)
 D - 6 tomahawks
Armour
 b - a +1 robe (worn)
 q - a +0 buckler (worn)
 x - a +1 pair of dwarven boots (worn)
 z - a +0 orcish cloak (worn)
Scrolls
 g - 2 scrolls of remove curse {unknown}
 h - a scroll of recharging {unknown}
 j - a scroll of curse jewellery {unknown}
 l - a scroll of enchant weapon I {unknown}
 n - 3 scrolls of teleportation
 o - a scroll of enchant weapon II
 p - 2 scrolls of enchant armour
 s - a scroll of immolation {unknown}
 y - a scroll of random uselessness {unknown}
 A - a scroll of magic mapping {unknown}
 F - a scroll of identify
Jewellery
 t - an uncursed ring of ice
 E - a ring of protection from magic (left hand) {unknown}
Potions
 f - 4 potions of curing
 i - a potion of agility {unknown}
 k - a potion of speed {unknown}
 m - a potion of berserk rage {unknown}
 r - a potion of restore abilities {unknown}
 u - a potion of heal wounds {unknown}
 C - a potion of flight {unknown}
Books
 c - a book of Maledictions

   Spells                             Type                      Level
   *Corona                            Hexes                        1
   Sure Blade                         Hexes/Charms                 2
   *Ensorcelled Hibernation           Hexes/Ice                    2
   Confuse                            Hexes                        3
   Enslavement                        Hexes                        4
   Invisibility                       Hexes                        6
Magical staves
 B - an uncursed staff of conjuration


   Skills:
 - Level 1.8 Short Blades
 + Level 0.0 Maces & Flails
 - Level 0.7 Throwing
 - Level 2.1 Dodging
 + Level 5.6 Stealth
 + Level 1.2 Shields
 - Level 2.0 Spellcasting
 + Level 4.8 Hexes


You had 4 spell levels left.
You knew the following spells:

 Your Spells              Type           Power        Failure   Level  Hunger
a - Corona                Hex            ###....      2%          1    #......
b - Ensorcelled Hibernat  Hex/Ice        #.....       14%         2    ###....


Dungeon Overview and Level Annotations

Branches:
Dungeon (4/16)             Temple (1/1) D:4

Altars:
Dithmenos
Elyvilon
Makhleb
Zin

Shops:
D:4 (


Innate Abilities, Weirdness & Mutations

You have razor-sharp teeth.*
You have supernaturally acute eyesight.
You can survive without breathing.*


Message History

Aim: an orc priest, wielding an orcish trident The orc priest resists.
The orc priest glows brightly for a moment.
An orc comes into view. It is wielding an orcish dagger.
The orc closely misses you. The orc barely misses you.
The orc priest closely misses you.
Casting: Ensorcelled Hibernation
Confirm with . or Enter, or press ? or * to list all spells.
You don't know that spell.
You closely miss the orc. You block the orc's attack.
The orc hits you with an orcish flail. You block the orc wizard's attack.
The orc priest mumbles some strange prayers to Beogh against you.
Pain shoots through your body!
* * * LOW HITPOINT WARNING * * *
An orc comes into view. It is wielding an orcish club.
The orc hits you but does no damage. The orc wizard closely misses you.
The orc barely misses you.
The orc priest calls down the wrath of Beogh upon you.
Something smites you!
You die...

#........... #.....#..<..
# ########.)... ...
#......#..... ....#
#............
.....#######............
........#....).#........
.......o.?...............
#ro@................
.......oo................
........................
........................
.......oo..........<....
.......................
.........)............
....o................
.............<....


You could see an orc priest, an orc wizard, 5 orcs and a rat.

Vanquished Creatures
  A gnoll (D:4)
  An adder (D:3)
  2 worms
  A giant eyeball (D:4)
  2 giant geckos
  2 orcs
  A ball python (D:1)
  A giant cockroach (D:3)
  6 hobgoblins
  4 kobolds
  8 bats
  4 giant newts
  6 goblins
  A quokka (D:2)
  7 rats
47 creatures vanquished.

Notes
Turn   | Place    | Note
--------------------------------------------------------------
     0 | D:1      | Psiweapon, the Vampire Enchanter, began the quest for the Orb.
     0 | D:1      | Reached XP level 1. HP: 13/13 MP: 3/3
   376 | D:2      | Reached XP level 2. HP: 19/19 MP: 4/4
   380 | D:2      | Learned a level 2 spell: Ensorcelled Hibernation
   573 | D:3      | Reached skill level 5 in Stealth
   625 | D:3      | Found a burning altar of Makhleb.
   642 | D:3      | Reached XP level 3. HP: 18/24 MP: 6/6
   827 | D:4      | Found a staircase to the Ecumenical Temple.
   836 | Temple   | Entered the Ecumenical Temple
   871 | Temple   | Became a worshipper of Dithmenos
  1243 | D:1      | Reached skill level 1 in Shields
  2396 | D:2      | HP: 1/24 [poisoned by a gnoll]
  2897 | D:4      | Found Biediac's Weapon Shoppe.
  2902 | D:4      | Reached XP level 4. HP: 16/30 MP: 4/7
  3154 | D:4      | Paralysed by a giant eyeball for 2 turns
  3158 | D:4      | Paralysed by a giant eyeball for 3 turns
  3269 | D:4      | Killed from afar by an orc priest

Action                   |  1- 3 |  4- 6 || total
-------------------------+-------+-------++-------
Melee: Dagger            |   124 |    10 ||   134
       Morningstar       |       |     1 ||     1
Throw: Dart              |    20 |       ||    20
 Cast: Ensorcelled Hiber |    17 |     7 ||    24
  Use: Scroll            |     4 |     1 ||     5
       Potion            |       |     1 ||     1
 Stab: Sleeping          |    22 |     1 ||    23
